 Dungeon Crawl Stone Soup version 0.22-a0-402-ga933591 (webtiles) character file.

20909 mortelune the Thaumaturge (level 12, -2/75 HPs)
             Began as a Deep Elf Fire Elementalist on May 6, 2018.
             Was a Priest of Vehumet.
             Slain by a komodo dragon (27 damage)
             ... on level 3 of the Lair of Beasts.
             The game lasted 00:48:16 (22403 turns).

mortelune the Thaumaturge (DEFE)                   Turns: 22403, Time: 00:48:17

Health: -2/75      AC: 11    Str:  5    XL:     12   Next: 49%
Magic:  5/31       EV: 12    Int: 32    God:    Vehumet [***...]
Gold:   416        SH:  0    Dex: 15    Spells: 11/37 levels left

rFire    + . .     SeeInvis +   l - +0 whip (elec)
rCold    . . .     Gourm    .   (no shield)
rNeg     . . .     Faith    .   A - +0 leather armour {rF+}
rPois    .         Spirit   .   Y - +2 helmet {SInv}
rElec    .         Reflect  .   y - scarf {repulsion}
rCorr    .         Harm     .   G - +1 pair of gloves
MR       +....                  (no boots)
Stlth    +.........             (no amulet)
HPRegen  0.22/turn              b - +3 ring of protection
MPRegen  0.22/turn              M - +6 ring of intelligence

@: repel missiles, very slow
A: no striking features
a: Renounce Religion


You were on level 3 of the Lair of Beasts.
You worshipped Vehumet.
Vehumet was most pleased with you.
You were very hungry.

You visited 3 branches of the dungeon, and saw 16 of its levels.

You collected 776 gold pieces.
You spent 360 gold pieces at shops.

Inventory:

Hand Weapons
 l - a +0 whip of electrocution (weapon)
Missiles
 V - 100 stones (quivered)
Armour
 a - a +0 robe
 s - a +2 hat
 t - a +0 leather armour
 y - a scarf of repulsion (worn)
 A - a +0 leather armour of fire resistance (worn)
 G - a +1 pair of gloves (worn)
 S - a +2 robe of cold resistance
 Y - a +2 helmet of see invisible (worn)
Jewellery
 b - a +3 ring of protection (left hand)
 h - an uncursed ring of protection from fire
 p - an uncursed ring of resist corrosion
 D - an uncursed ring of stealth
 M - a +6 ring of intelligence (right hand)
Wands
 r - a wand of acid (14)
 u - a wand of polymorph (12)
 B - a wand of enslavement (14)
 E - a wand of iceblast (18)
 T - a wand of flame (39)
 W - a wand of digging (20)
 Z - a wand of random effects (18)
Scrolls
 d - a scroll of fear
 e - 5 scrolls of remove curse
 g - a scroll of enchant weapon
 j - a scroll of identify
 k - a scroll of enchant armour
 x - 2 scrolls of magic mapping
 I - 2 scrolls of amnesia
 J - 5 scrolls of teleportation
 K - a scroll of brand weapon
 L - 3 scrolls of blinking
 N - a scroll of immolation {unknown}
 O - a scroll of acquirement {unknown}
 R - a scroll of holy word
 U - a scroll of fog {unknown}
Potions
 f - 4 potions of flight
 i - a potion of magic
 m - a potion of might
 n - a potion of invisibility {unknown}
 o - 3 potions of curing
 q - 2 potions of degeneration
 v - 4 potions of lignification
 w - a potion of brilliance {unknown}
 z - a potion of haste {unknown}
 C - 3 potions of agility
 F - a potion of cancellation {unknown}
 H - a potion of ambrosia
 P - a potion of heal wounds
 Q - a potion of mutation {unknown}
Comestibles
 c - 25 rations


   Skills:
 + Level 8.3 Fighting
 - Level 2.4 Dodging
 - Level 2.4 Stealth
 + Level 13.3 Spellcasting
 + Level 11.2 Conjurations
 + Level 11.6 Fire Magic
 + Level 5.5 Earth Magic


You had 11 spell levels left.
You knew the following spells:

 Your Spells              Type           Power        Failure   Level  Hunger
a - Flame Tongue          Conj/Fire      #####        1%          1    None
b - Throw Flame           Conj/Fire      ######       1%          2    None
c - Conjure Flame         Conj/Fire      #######.     1%          3    None
d - Sticky Flame          Conj/Fire      #######.     1%          4    None
e - Fireball              Conj/Fire      #######...   1%          5    None
f - Inner Flame           Hex/Fire       ######..     1%          3    None
g - Sting                 Conj/Pois      ####         1%          1    None
q - Sandblast             Erth           ######       1%          1    None
s - Bolt of Fire          Conj/Fire      #######...   1%          6    ####...


Dungeon Overview and Level Annotations

Branches:
Dungeon (12/15)            Temple (1/1) D:5            Lair (3/6) D:11
  Snake (0/4) Lair:2          Orc (0/2) D:11
  Swamp: Lair:2-4    Shoals: Lair:2-4

Altars:
Ashenzari
Cheibriados
Elyvilon
Gozag
Kikubaaqudgha
Makhleb
Nemelex Xobeh
Okawaru
Ru
Trog
Vehumet
Yredelemnul
Zin

Shops:
D:9 *   D:10 [=}*

Annotations:
D:12 Rupert


Message History

Casting: Conjure Flame (safe; 1% risk of failure)
Confirm with . or Enter, or press ? or * to list all spells.
Aiming: Bolt of Fire (safe; 1% risk of failure)
Press: ? - help, Shift-Dir - straight line, f - komodo dragon
Aim: a komodo dragon (moderately wounded)
The bolt of fire misses the komodo dragon.
Casting: Bolt of Fire (safe; 1% risk of failure)
Confirm with . or Enter, or press ? or * to list all spells.
Aiming: Flame Tongue (safe; 1% risk of failure)
Press: ? - help, Shift-Dir - straight line, f/p - komodo dragon
Aim: a komodo dragon (moderately wounded)
The flame tongue hits the komodo dragon.
The komodo dragon is moderately wounded.
You are feeling very hungry.
The komodo dragon closely misses you.
You enter the shallow water.
Moving in this stuff is going to be slow.
The komodo dragon bites you!! The komodo dragon bites you!!
You die...

### .... ###.### ###...
###.#...####...##
###≈.≈≈..≈.>.##...# #####
#.#≈≈≈≈≈≈≈≈......## #.#.#
#.≈≈≈≈≈≈≈≈≈......# ##..###
##.≈≈≈≈≈≈≈≈≈.....## #.....##
#..≈≈≈≈≈≈≈≈≈......## .......#
#..≈≈@.<.≈≈≈......P# .......##
#.#.≈l≈≈÷≈≈≈≈≈.....## ........##
#.≈≈≈≈≈≈≈≈≈≈....##
.........####..≈≈≈≈≈≈≈≈.....P#
.........#.....≈≈≈≈≈≈≈≈...#...#
.................≈≈......###...#
............##PP........## #...
...........#####.........# ...
...........# #........## #>


You could see a komodo dragon.

Vanquished Creatures
  Fannar (D:10)
  A hydra (Lair:1)
  A two-headed ogre (D:8)
  The ghost of Thaneod the Cleaver, a journeyman VSFi of Trog (D:11)
  Sonja (D:10)
  Nergalle (D:11)
  An unseen horror (D:11)
  Pikel (D:5)
  The ghost of azzavlup the Destroyer, a novice GrFE of the Shining One (D:7)
  Maurice (D:11)
  A centaur zombie (D:10)
  Psyche (D:9)
  2 spiny frogs
  A rime drake (Lair:2)
  5 komodo dragons
  3 trolls
  3 blink frogs (Lair:3)
  3 slime creatures (D:12)
  5 hippogriffs
  6 yaks
  A wyvern (Lair:2)
  Eustachio (D:5)
  2 basilisks (Lair:1)
  Grum (D:11)
  A hungry ghost (D:9)
  3 hogs (D:8)
  A human (D:8)
  2 nagas (Lair:2)
  A water moccasin (Lair:3)
  Duvessa (D:5)
  7 porcupines
  A hell hound (D:11)
  2 ice beasts
  A slave (D:4)
  2 phantoms
  4 sky beasts
  A black bear (D:9)
  7 necrophages
  3 ogres
  6 centaurs
  3 wolves (D:11)
  A big kobold (D:10)
  6 crocodiles
  13 bullfrogs
  A wyvern zombie (D:9)
  Dowan (D:6)
  4 scorpions
  6 killer bees (D:9)
  2 electric eels (D:11)
  4 howler monkeys
  8 wights
  8 crimson imps
  7 hounds
  3 jellies
  A bullfrog zombie (D:6)
  5 orc priests
  Ijyb (D:5)
  3 bullfrog skeletons
  5 orc wizards
  3 centaur skeletons
  6 worker ants
  2 hound zombies
  A hound skeleton (D:7)
  4 gnolls (D:4)
  15 adders
  3 shadow imps
  An adder zombie (D:6)
  3 worms
  2 dart slugs
  3 leopard geckos
  22 orcs
  A ball python (D:3)
  2 giant cockroaches
  12 goblins
  8 hobgoblins
  12 jackals
  3 quokkas
  3 bats
  4 frilled lizards
  11 kobolds
  A leopard gecko skeleton (D:3)
  A quokka skeleton (D:4)
  A quokka zombie (D:9)
  4 rats
298 creatures vanquished.

Vanquished Creatures (others)
  A ball python zombie (D:5)
  2 fungi (Lair:2)
3 creatures vanquished.

Grand Total: 301 creatures vanquished

Notes
Turn   | Place    | Note
-------+----------+-------------------------------------------
     0 | D:1      | mortelune the Deep Elf Fire Elementalist began the quest for the Orb.
     0 | D:1      | Reached XP level 1. HP: 10/10 MP: 6/6
   410 | D:1      | Reached XP level 2. HP: 15/15 MP: 5/8
   416 | D:1      | Learned a level 2 spell: Throw Flame
  1312 | D:2      | Reached XP level 3. HP: 19/19 MP: 8/10
  1430 | D:2      | Learned a level 3 spell: Conjure Flame
  1823 | D:2      | Found a bloodstained altar of Trog.
  1992 | D:2      | Reached skill level 4 in Spellcasting
  2135 | D:2      | Found a sparkling altar of Nemelex Xobeh.
  2512 | D:2      | Reached XP level 4. HP: 24/24 MP: 7/12
  2747 | D:3      | Found a snail-covered altar of Cheibriados.
  2747 | D:3      | Found an ancient bone altar of Kikubaaqudgha.
  3133 | D:3      | Found a faded altar of an unknown god.
  3760 | D:4      | Reached XP level 5. HP: 28/28 MP: 1/14
  3779 | D:4      | Reached skill level 5 in Spellcasting
  3791 | D:4      | Learned a level 4 spell: Sticky Flame
  4268 | D:4      | Noticed a phantom
  4279 | D:4      | Killed a phantom
  4279 | D:4      | Reached skill level 5 in Fire Magic
  4279 | D:4      | Reached XP level 6. HP: 17/33 MP: 4/16
  4471 | D:4      | Reached skill level 1 in Fighting
  4668 | D:4      | Found a bloodstained altar of Trog.
  4844 | D:4      | Noticed a sky beast
  4850 | D:4      | Killed a sky beast
  5057 | D:4      | Reached skill level 6 in Spellcasting
  5057 | D:4      | Reached XP level 7. HP: 35/39 MP: 0/18
  5289 | D:4      | Found an opulent altar of Gozag.
  5392 | D:5      | Entered Level 5 of the Dungeon
  5501 | D:5      | Noticed Dowan
  5503 | D:5      | Noticed Duvessa
  6230 | D:6      | Found a white marble altar of Elyvilon.
  6565 | D:6      | Found a glowing silver altar of Zin.
  6566 | D:6      | Found a burning altar of Makhleb.
  6568 | D:6      | Noticed an angel
  6572 | D:6      | Noticed a balrug
  6691 | D:6      | Reached skill level 5 in Conjurations
  7033 | D:6      | Reached skill level 7 in Spellcasting
  7033 | D:6      | Reached XP level 8. HP: 30/45 MP: 4/20
  7507 | D:5      | Found a staircase to the Ecumenical Temple.
  7507 | D:5      | Noticed Eustachio
  7514 | D:5      | Killed Eustachio
  7531 | D:5      | Killed Duvessa
  7550 | D:6      | Killed Dowan
  8028 | D:5      | Noticed Pikel
  8065 | D:5      | Killed Pikel
  8065 | D:5      | Reached skill level 8 in Spellcasting
  8220 | D:5      | Noticed Ijyb
  8243 | D:5      | Killed Ijyb
  8385 | D:5      | Reached XP level 9. HP: 52/52 MP: 20/23
  8593 | Temple   | Entered the Ecumenical Temple
  8669 | Temple   | Became a worshipper of Vehumet
  8760 | D:5      | Found a white marble altar of Elyvilon.
  8874 | D:5      | Found a basalt altar of Yredelemnul.
  8886 | D:5      | Learned a level 5 spell: Fireball
  9754 | D:7      | Noticed azzavlup's ghost (novice GrFE)
  9921 | D:7      | Killed azzavlup's ghost
  9921 | D:7      | Reached skill level 9 in Spellcasting
 10677 | D:8      | Reached skill level 5 in Fighting
 11147 | D:8      | Reached skill level 10 in Spellcasting
 11457 | D:8      | Reached XP level 10. HP: 59/59 MP: 14/26
 11522 | D:8      | Found a glowing silver altar of Zin.
 11876 | D:8      | Noticed a two-headed ogre
 11894 | D:8      | Killed a two-headed ogre
 12846 | D:9      | Noticed Psyche
 12855 | D:9      | Killed Psyche
 13039 | D:8      | Learned a level 3 spell: Inner Flame
 13229 | D:9      | Reached * piety under Vehumet
 13229 | D:9      | Offered knowledge of Sting by Vehumet.
 13255 | D:9      | Learned a level 1 spell: Sting
 13349 | D:9      | Reached skill level 11 in Spellcasting
 13990 | D:9      | Found Ticen's Island Escapes.
 14205 | D:9      | Bought a scroll of blinking for 90 gold pieces
 14205 | D:9      | Bought a scroll of blinking for 90 gold pieces
 14233 | D:10     | Entered Level 10 of the Dungeon
 14233 | D:10     | Found Guodi's Armour Shop.
 14416 | D:10     | Found Pibiag's Jewellery Shoppe.
 15010 | D:10     | Reached skill level 10 in Fire Magic
 15015 | D:10     | Noticed Fannar
 15214 | D:10     | Found Wymat's Gadget Shop.
 15377 | D:10     | Offered knowledge of Sandblast by Vehumet.
 15380 | D:10     | Reached ** piety under Vehumet
 15443 | D:10     | Found Cejoick's Assorted Antiques.
 15446 | D:10     | Bought a scroll labeled VIMUAT OHUJ for 30 gold pieces
 15446 | D:10     | Bought a potion of heal wounds for 150 gold pieces
 15452 | D:10     | Reached XP level 11. HP: 66/66 MP: 21/28
 15668 | D:10     | Killed Fannar
 16019 | D:10     | Noticed Sonja
 16021 | D:10     | Killed Sonja
 16108 | D:11     | Found a staircase to the Lair.
 16115 | D:10     | Learned a level 1 spell: Sandblast
 16392 | D:11     | Found a staircase to the Orcish Mines.
 16392 | D:11     | Noticed Maurice
 16396 | D:11     | Killed Maurice
 16468 | D:11     | Reached skill level 1 in Earth Magic
 16888 | D:11     | Noticed an unseen horror
 16890 | D:11     | Killed an unseen horror
 16890 | D:11     | Reached skill level 12 in Spellcasting
 16890 | D:11     | Reached skill level 10 in Conjurations
 17489 | D:11     | Noticed Thaneod's ghost (journeyman VSFi)
 17735 | D:11     | Killed Thaneod's ghost
 18317 | D:11     | Noticed Nergalle
 18333 | D:11     | Killed Nergalle
 18737 | D:11     | Offered knowledge of Searing Ray by Vehumet.
 19104 | D:11     | Noticed Grum
 19107 | D:11     | Killed Grum
 19484 | D:12     | Noticed Rupert
 19509 | D:12     | Paralysed by Rupert for 3 turns
 19629 | Lair:1   | Entered Level 1 of the Lair of Beasts
 19677 | Lair:1   | Reached *** piety under Vehumet
 19681 | Lair:1   | Noticed a four-headed hydra
 19684 | Lair:1   | Killed a four-headed hydra
 19684 | Lair:1   | Reached XP level 12. HP: 73/73 MP: 7/30
 20664 | Lair:2   | Offered knowledge of Ignite Poison by Vehumet.
 20921 | Lair:2   | Reached skill level 13 in Spellcasting
 20994 | Lair:2   | Found a staircase to the Snake Pit.
 21457 | Lair:2   | Reached skill level 5 in Earth Magic
 22195 | Lair:3   | Learned a level 6 spell: Bolt of Fire
 22403 | Lair:3   | Slain by a komodo dragon

Vault maps used:
D:1:      dpeg_arrival_orchard
D:2:      lemuel_round_altar, bloody_trog
D:3:      chequers_temple_overflow_statue_of_worship,
          chequers_ecumenical_altar_simple_redux, minmay_misc_feat_rows
D:4:      kennysheep_mini_moat, first_ration, trog_three_pillars_becter
D:5:      kennysheep_little_box, minmay_temple_entry_glassed_door,
          elyvilon_altar_1, uniq_pikel, uniq_duvessa, uniq_ijyb, uniq_eustachio
D:6:      grunt_temple_overflow_order_and_chaos_2,
          nicolae_overflow_hidden_temple
D:7:      minmay_misc_feat_encased
D:8:      basic_altar, grunt_livestock
D:9:      nicolae_island_escapes, uniq_psyche
D:10:     serial_shops, nicolae_shop_stone, nicolae_shop_statue_plus, shop,
          kennysheep_mini, uniq_sonja, uniq_fannar
D:11:     minmay_lair_entry_lava, orc_0_dummy, uniq_grum, uniq_nergalle,
          uniq_maurice
D:12:     uniq_urug, uniq_gastronok, uniq_rupert
Temple:   nicolae_temple_figure_eight
Lair:2:   guppyfry_snake_entry_island, st_stairs_4, roderic_carrion_pond,
          grunt_megastairs_4
Lair:3:   st_stairs_8, beast_lair_carwin_11, infiniplex_staircase_pool_2,
          lemuel_fruit_tree

Skill      XL: |  1  2  3  4  5  6  7  8  9 10 11 12 |
---------------+-------------------------------------+-----
Conjurations   | 2 3 4 5 6 8 9 10 11 | 11.2
Spellcasting   | 4 5 6 7 8 10 11 12 13 | 13.3
Fire Magic     | 4 5 6 7 8 10 11 | 11.6
Fighting       | 1 2 4 5 6 7 8 |  8.3
Earth Magic    | 4 5 |  5.5
Dodging        | |  2.4
Stealth        | |  2.4

Action                   |  1- 3 |  4- 6 |  7- 9 | 10-12 || total
-------------------------+-------+-------+-------+-------++-------
Melee: Whip              |       |     1 |    39 |    36 ||    76
 Cast: Flame Tongue      |    42 |    68 |   134 |   282 ||   526
       Throw Flame       |    25 |    35 |    31 |    99 ||   190
       Conjure Flame     |       |     1 |     5 |    10 ||    16
       Sticky Flame      |       |     1 |    27 |    45 ||    73
       Fireball          |       |       |     3 |    59 ||    62
       Sting             |       |       |       |     9 ||     9
       Sandblast         |       |       |       |    12 ||    12
       Bolt of Fire      |       |       |       |     3 ||     3
  Use: Scroll            |       |       |     3 |    16 ||    19
       Potion            |       |       |     5 |     3 ||     8
  Eat: Chunk             |     5 |     4 |    15 |    21 ||    45
       Ration            |       |     1 |     2 |     4 ||     7
Armor: Robe              |     2 |       |       |       ||     2
       Leather armour    |       |     2 |    25 |    60 ||    87
Dodge: Dodged            |    13 |     9 |    72 |    89 ||   183
       Deflected         |       |       |     6 |     9 ||    15

Table legend:
 A = Spawn XP
 B = Non-spawn XP
 C = Spawn XP percentage of total XP
 D = Spawn monster count
 E = Non-spawn monster count
 F = Spawn count percentage of total count
 G = Total turns spent on level
                    A         B        C        D         E        F      G
               +---------+---------+-------+---------+---------+-------+---------
         Total |       0 |   29871 |   0.0 |       0 |     297 |   0.0 | 22403
               +---------+---------+-------+---------+---------+-------+---------
           D:1 |       0 |      37 |   0.0 |       0 |      20 |   0.0 |  1258
           D:2 |       0 |      62 |   0.0 |       0 |      21 |   0.0 |  1315
           D:3 |       0 |      86 |   0.0 |       0 |      13 |   0.0 |  1554
           D:4 |       0 |     597 |   0.0 |       0 |      27 |   0.0 |  1408
           D:5 |       0 |    1250 |   0.0 |       0 |      12 |   0.0 |  1184
           D:6 |       0 |     767 |   0.0 |       0 |      19 |   0.0 |  2091
           D:7 |       0 |    1249 |   0.0 |       0 |      12 |   0.0 |  1669
           D:8 |       0 |    3183 |   0.0 |       0 |      24 |   0.0 |  2380
           D:9 |       0 |    1956 |   0.0 |       0 |      25 |   0.0 |  1276
          D:10 |       0 |    4023 |   0.0 |       0 |      34 |   0.0 |  2052
          D:11 |       0 |    5768 |   0.0 |       0 |      32 |   0.0 |  2856
          D:12 |       0 |    1842 |   0.0 |       0 |      13 |   0.0 |   488
        Lair:1 |       0 |    2845 |   0.0 |       0 |      10 |   0.0 |   938
        Lair:2 |       0 |    3654 |   0.0 |       0 |      24 |   0.0 |  1446
        Lair:3 |       0 |    2552 |   0.0 |       0 |      11 |   0.0 |   390
               +---------+---------+-------+---------+---------+-------+---------
